 Dungeon Crawl Stone Soup version 0.31-a0-489-g282fc92437 (webtiles) character file.

Game seed: 5269366601364845803

689311 Bnni the Petrodigitator (level 27, -3/251 (258) HPs)
             Began as a Formicid Earth Elementalist on Aug 7, 2023.
             Was the Champion of Cheibriados.
             Killed from afar by a Hell Sentinel (32 damage)
             ... with damnation
             ... on level 7 of the Iron City of Dis on Aug 8, 2023.
             The game lasted 05:27:38 (74356 turns).

Bnni the Petrodigitator (FoEE)                     Turns: 74356, Time: 05:27:38

HP:   -3/251 (258)  AC: 28    Str: 26    XL:     27
MP:   26/45         EV: 36    Int: 47    God:    Cheibriados [******]
Gold: 4068          SH: 34    Dex: 29    Spells: 7/63 levels left

rFire   + + .        t - staff of earth
rCold   + + +        K - +8 tower shield {reflect}
rNeg    + + +        o - +10 pearl dragon scales
rPois   +            (helmet unavailable)
rElec   +            a - +2 cloak {rF+}
rCorr   +            h - +0 pair of gloves "Ocrynei" {rElec rC++ Slay-4}
SInv    +            w - +2 pair of slick slippers {slick, slippery, EV+4}
Will    ++...        S - amulet "Rainuq" {Acrobat rF+ rC++ Regen+ Int-3}
Stlth   ++           X - ring of the Hare {EV+10}
HPRegen 1.41/turn    Q - ring "Ubuggoh" {*Slow rPois rN+++ rCorr Int+6}
MPRegen 0.29/turn

%: slow self (1%), reflection, acrobat
@: very slightly contaminated, studying Hexes, lightly drained, corroded, very
slow
A: permanent stasis, dig shafts and tunnels, antennae 3, four strong arms,
hooves 1, robust 1, weak 1, wild magic 1, sturdy frame 1
}: 5/15 runes: decaying, serpentine, slimy, silver, abyssal
a: Dig, Shaft Self, Renounce Religion, Bend Time, Temporal Distortion, Slouch,
Step From Time


You were on level 7 of the Iron City of Dis.
You worshipped Cheibriados.
Cheibriados was exalted by your worship.
You visited 14 branches of the dungeon, and saw 64 of its levels.
You visited the Abyss 1 time.
You also visited: Trove, Bailey, Ice Cave, Volcano and Wizlab.

You collected 13455 gold pieces.
You spent 9387 gold pieces at shops.

Inventory:

Hand Weapons
 F - a +3 trishula of holy wrath
 T - the +8 frozen axe "Frostbite" {freeze, freezing cloud, *Noise Fly rC+}
   (You found it in an ice cave)

   rC:        It protects you from cold.
   Fly:       It grants you flight.
   *Noise:    It may make noises in combat.
 V - the +9 quarterstaff of Skirmishing {heavy, rF- rC+++ rN+++ rCorr}
   (You found it on level 4 of the Vaults)

   rF:        It makes you vulnerable to fire.
   rC:        It renders you almost immune to cold.
   rN:        It renders you almost immune to negative energy.
   rCorr:     It protects you from acid and corrosion.
Missiles
 k - 16 curare-tipped darts
 v - 6 silver javelins
 J - 2 throwing nets
Armour
 a - a +2 cloak of fire resistance (worn)
 h - the +0 pair of gloves "Ocrynei" (worn) {rElec rC++ Slay-4}
   (You acquired it on level 8 of the Dungeon)

   Slay:      It affects your accuracy & damage with ranged weapons and melee
   (-4).
   rC:        It greatly protects you from cold.
   rElec:     It insulates you from electricity.
 o - +10 pearl dragon scales (worn)
 w - the +2 pair of slick slippers (worn) {slick, slippery, EV+4}
   (You acquired it on level 5 of the Lair of Beasts)

   Slick:     Its wearer cannot be constricted, engulfed, netted or webbed.
   Slippery:  Its wearer slips away from damaging melee attacks, pulling the
   attacker onward.
   EV:        It affects your evasion (+4).
 K - a +8 tower shield of reflection (worn)
 R - the +2 pair of gloves "Xutzevv Etua" {rF+ Will+}
   (You found it in a treasure trove)

   rF:        It protects you from fire.
   Will:      It increases your willpower.
Magical Staves
 t - a staff of earth (weapon)
Jewellery
 j - the ring "Immueh" {rF+ rC+ EV+5}
   (You found it on level 5 of the Vaults)

   [ring of evasion]

   EV:        It affects your evasion (+5).
   rF:        It protects you from fire.
   rC:        It protects you from cold.
 r - a ring of flight
 O - the ring of the Ikuchi {+Blink rN+ Will+ AC+4 Dex+4}
   (You found it in a treasure trove)

   [ring of protection]

   AC:        It affects your AC (+4).
   Dex:       It affects your dexterity (+4).
   rN:        It protects you from negative energy.
   +Blink:    It lets you blink.
   Will:      It increases your willpower.
 Q - the ring "Ubuggoh" (right hand) {*Slow rPois rN+++ rCorr Int+6}
   (You took it off a frost giant on level 5 of the Vaults)

   [ring of intelligence]

   Int:       It affects your intelligence (+6).
   rPois:     It protects you from poison.
   rN:        It renders you almost immune to negative energy.
   rCorr:     It protects you from acid and corrosion.
   *Slow:     It may slow you when you take damage.
 S - the amulet "Rainuq" (around neck) {Acrobat rF+ rC++ Regen+ Int-3}
   (You found it in a treasure trove)

   [amulet of the acrobat]

   It increases your evasion while moving and waiting.
   Int:       It affects your intelligence (-3).
   rF:        It protects you from fire.
   rC:        It greatly protects you from cold.
   Regen:     It increases your rate of health regeneration.
 X - the ring of the Hare (left hand) {EV+10}
   (You found it on level 5 of the Pits of Slime)

   [ring of evasion]

   EV:        It affects your evasion (+10).
Wands
 x - a wand of digging (25)
 E - a wand of iceblast (84)
 M - a wand of quicksilver (55)
Scrolls
 f - 4 scrolls of butterflies
 g - 9 scrolls of revelation
 l - 6 scrolls of fear
 s - 11 scrolls of enchant weapon
 u - 9 scrolls of vulnerability
 B - 4 scrolls of enchant armour
 C - 5 scrolls of immolation
 D - 12 scrolls of fog
 H - 7 scrolls of poison
 W - 2 scrolls of amnesia
Potions
 b - 3 potions of cancellation
 c - 19 potions of curing
 e - 3 potions of invisibility
 i - 3 potions of magic
 m - 5 potions of resistance
 p - 4 potions of brilliance
 z - 9 potions of might
 A - 12 potions of mutation
 G - 6 potions of attraction
 I - 8 potions of heal wounds
 L - 2 potions of ambrosia
 N - 6 potions of enlightenment
Miscellaneous
 d - a lightning rod (4/4)
 n - a phantom mirror
 q - a box of beasts


   Skills:
 + Level 23.1 Fighting
 - Level 20.0 Armour
 - Level 12.1 Dodging
 - Level 2.4 Stealth
 - Level 22.0 Shields
 * Level 18.8 Spellcasting
 + Level 16.8 Conjurations
 - Level 10.0 Summonings
 * Level 15.7 Necromancy
 - Level 3.0 Transmutations
 O Level 27 Earth Magic
 - Level 14.0 Invocations
 - Level 3.0 Evocations


You had 7 spell levels left.
You knew the following spells:

 Your Spells              Type           Power      Damage    Failure   Level
a - Shatter               Erth           91%        3d65*     2%          9
b - Passwall              Tmut/Erth      100%       N/A       1%          2
c - Lehudib's Crystal Sp  Conj/Erth      85%        10d19     1%          8
d - Leda's Unmaking       Conj/Erth      85%        9d14      1%          6
e - Lee's Rapid Deconstr  Erth           91%        3d40*     1%          5
f - Haunt                 Necr/Summ      60%        N/A       7%          7
g - Animate Armour        Summ/Erth      100%       N/A       1%          4
h - Borgnjor's Vile Clut  Necr/Erth      84%        N/A       1%          5
s - Sublimation of Blood  Necr           100%       N/A       1%          2
v - Spellforged Servitor  Conj/Summ      61%        N/A       5%          7
z - Apportation           Tloc           100%       N/A       1%          1

Your spell library contained the following spells:

 Spells                   Type           Power      Damage    Failure   Level
 Foxfire                  Conj/Fire      100%       2x1d9     1%          1
 Freeze                   Ice            100%       1d10      1%          1
 Magic Dart               Conj           100%       1d8       1%          1
 Necrotise                Necr           100%       1d9       1%          1
 Sandblast                Erth           100%       2d20      1%          1
 Sting                    Tmut/Pois      100%       1d8       1%          1
 Summon Small Mammal      Summ           100%       N/A       1%          1
 Call Imp                 Summ           100%       N/A       1%          2
 Cigotuvi's Dreadful Rot  Necr/Pois/Air  100%       N/A       1%          2
 Searing Ray              Conj           100%       2d8       1%          2
 Static Discharge         Conj/Air       100%       2-7/arc   1%          2
 Wereblood                Tmut           76%        N/A       1%          2
 Call Canine Familiar     Summ           100%       N/A       1%          3
 Dazzling Flash           Conj/Hex       100%       N/A       1%          3
 Hailstorm                Conj/Ice       100%       3d20      1%          3
 Stone Arrow              Conj/Erth      100%       3d13      1%          3
 Summon Guardian Golem    Hex/Summ       87%        N/A       1%          3
 Anguish                  Hex/Necr       50%        N/A       1%          4
 Animate Dead             Necr           100%       N/A       1%          4
 Dispel Undead            Necr           100%       3d31      1%          4
 Flame Wave               Conj/Fire      100%       2d21      1%          4
 Fulminant Prism          Conj/Hex       51%        3d22      1%          4
 Iskenderun's Mystic Bla  Conj/Tloc      100%       2d19      1%          4
 Leda's Liquefaction      Hex/Erth       73%        N/A       1%          4
 Petrify                  Tmut/Erth      100%       N/A       1%          4
 Sticky Flame             Conj/Fire      100%       2d11      1%          4
 Agony                    Necr           100%       N/A       1%          5
 Fireball                 Conj/Fire      51%        3d20      1%          5
 Irradiate                Conj/Tmut      54%        3d29      1%          5
 Iskenderun's Battlesphe  Conj           100%       2d15      1%          5
 Death Channel            Necr           64%        N/A       1%          6
 Orb of Destruction       Conj           66%        9d16      1%          7
 Ensorcelled Hibernation  Hex/Ice        100%       N/A       2%          2
 Lesser Beckoning         Tloc           100%       N/A       2%          2
 Scorch                   Fire           100%       2d9       2%          2
 Summon Lightning Spire   Summ/Air       87%        N/A       2%          4
 Ignite Poison            Fire/Tmut/Pois 63%        N/A       3%          3
 Frozen Ramparts          Ice            100%       1d16      4%          3
 Gell's Gravitas          Tloc           55%        N/A       4%          3
 Ozocubu's Armour         Ice            55%        N/A       4%          3
 Portal Projectile        Hex/Tloc       100%       N/A       4%          3
 Tukima's Dance           Hex            55%        N/A       4%          3
 Volatile Blastmotes      Fire/Tloc      100%       2d18      4%          3
 Freezing Cloud           Conj/Ice/Air   45%        6-21      4%          5
 Summon Cactus Giant      Summ           55%        N/A       4%          6
 Summon Forest            Summ/Tloc      43%        N/A       5%          5
 Summon Mana Viper        Hex/Summ       87%        N/A       5%          5
 Conjure Ball Lightning   Conj/Air       51%        3x3d18    7%          6
 Starburst                Conj/Fire      51%        6d14      7%          6
 Simulacrum               Ice/Necr       50%        N/A       9%          6
 Airstrike                Air            27%        2d(4-20)  13%         4
 Cause Fear               Hex            27%        N/A       13%         4
 Olgreb's Toxic Radiance  Pois           55%        N/A       13%         4
 Passage of Golubria      Tloc           55%        N/A       13%         4
 Summon Hydra             Summ           55%        N/A       19%         7
 Metabolic Englaciation   Hex/Ice        27%        N/A       34%         5
 Silence                  Hex/Air        27%        N/A       34%         5
 Eringya's Noxious Bog    Tmut/Pois      33%        4d6       67%         6
 Ozocubu's Refrigeration  Ice            27%        4d13      100%        7
 Borgnjor's Revivificati  Necr           64%        N/A       14%         8
 Infestation              Necr           64%        N/A       14%         8
 Death's Door             Necr           64%        N/A       88%         9
 Discord                  Hex            27%        N/A       100%        8
 Ignition                 Fire           27%        3d9       100%        8
 Maxwell's Capacitive Co  Air            27%        ∞         100%        8
 Chain Lightning          Conj/Air       51%        3d68      100%        9
 Dragon's Call            Summ           55%        N/A       100%        9
 Fire Storm               Conj/Fire      51%        8d13      100%        9
 Polar Vortex             Ice            27%        12d3*     100%        9


Dungeon Overview and Level Annotations

Branches:
Dungeon (15/15)            Temple (1/1) D:7            Lair (5/5) D:10
  Swamp (4/4) Lair:2        Snake (4/4) Lair:2        Slime (5/5) Lair:5
    Orc (2/2) D:9             Elf (3/3) Orc:2        Vaults (5/5) D:14
  Crypt (3/3) Vaults:2       Tomb (0/3) Crypt:3      Depths (4/4) D:15
   Hell (visited)             Dis (7/7) Hell            Geh (0/7) Hell
    Coc (0/7) Hell            Tar (0/7) Hell            Zot (5/5) Depths:4
 Bailey (visited)           IceCv (visited)         Volcano (visited)
 WizLab (visited)

Altars:
Ashenzari
Cheibriados
Dithmenos
Elyvilon
Fedhas
Gozag
Hepliaklqana
Kikubaaqudgha
Makhleb
Nemelex Xobeh
Okawaru
Qazlal
Ru
Sif Muna
Trog
Uskayaw
Vehumet
Wu Jian
Xom
Yredelemnul
Zin
The Shining One
Jiyva
Lugonu

Shops:
D:1 [   D:4 ?   D:14 *   Orc:2 (*:=   Snake:3 *   Vaults:3 :[   Vaults:4 ?
Vaults:5 !?!!??   Depths:1 =*?:[*   Depths:2 ::=   Depths:4 ?![(*(?:?

Portals:
Hell: Depths:1 Depths:2 Depths:3 Depths:4
Abyss: Depths:2 Depths:3
Pandemonium: Depths:2
Ziggurat: Depths:3

Annotations:
D:12 Lexodia's ghost, journeyman GnCj
Swamp:2 3 runed translucent doors, Kiciri's ghost, adept DrCj
Elf:1 3 runed translucent doors, Tutankhamun's ghost, adept SpBr
Elf:2 3 runed translucent doors


Innate Abilities, Weirdness & Mutations

You cannot be hasted, slowed, berserked, paralysed or teleported.
You can dig through walls and to a lower floor.
You have a pair of large antennae on your head. (SInv)
Your four strong arms can wield two-handed weapons with a shield.
You have large cloven feet.
You are robust. (+10% HP)
You are weak. (Str -2)
Your spells are a little harder to cast, but a little more powerful.
Your movements are slightly less encumbered by armour. (ER -2)


Message History

The bolt of dispelling energy hits you!!
Your shadow wraith hits the Hell Sentinel but does no damage.
Your phantasmal warrior gestures at the Hell Sentinel.
Your phantasmal warrior blinks!
Your wraith hits the Hell Sentinel but does no damage.
Okay, then.
Okay, then.
Casting: Haunt (mildly dangerous; 7% risk of failure)
Confirm with . or Enter, or press ? or * to list all spells.
You draw magical energy from your own body!
You block the quicksilver elemental's attack.
An iron golem comes into view.
You block the quicksilver elemental's attack.
Unknown command.
Casting: Sublimation of Blood (safe; 1% risk of failure)
Confirm with . or Enter, or press ? or * to list all spells.
You draw magical energy from your own body!
The quicksilver elemental completely misses you.
The quicksilver elemental misses you.
Your shadow wraith hits the Hell Sentinel but does no damage.
Your phantasmal warrior hits the Hell Sentinel but does no damage.
Your wraith hits the Hell Sentinel but does no damage.
You feel much better.
Your phantasmal warrior hits the Hell Sentinel!
The Hell Sentinel gestures at you.
The sphere of damnation explodes!
The damnation engulfs you!!!
* * * LOW HITPOINT WARNING * * *
The quicksilver elemental breathes dispelling energy at you.
The bolt of dispelling energy misses you.
You step out of the flow of time.
You return to the normal time flow.
A Hell Sentinel and a quicksilver elemental come into view.
The Hell Sentinel roars! x2; You hear a roar!
Unknown command.
You step out of the flow of time.
You return to the normal time flow.
A Hell Sentinel comes into view.
The Hell Sentinel roars!
You hear a roar! x2
You feel much better. The Hell Sentinel gestures at you.
The sphere of damnation explodes!
The damnation engulfs you!!
You die...

.....W.#..#....
#.........#...
##.............
##..........#...
#........z1..##.
#.......1.)))..
.#.............
##.............
#....@.#.#.#...
#..............
#.......###....
##.......# ...
##......## ...
#........#
#...#.#..#
#))############## .
#...#.#.∩#..#.#.#...


You could see 2 Hell Sentinels and an ancient champion.

Vanquished Creatures
  the Royal Jelly (Slime:5)
  Dissolution (Slime:2)
  4 ancient liches
  6 dread liches
  An orb of fire (Zot:5)
  A juggernaut (Depths:2)
  Margery (Crypt:3)
  Frederick (Crypt:1)
  7 golden dragons
  2 bone dragons
  4 iron giants
  A Brimstone Fiend (Dis:5)
  An electric golem (Zot:5)
  7 doom hounds
  4 Tzitzimimeh
  3 Ice Fiends
  9 tentacled monstrosities
  Mlioglotl (Snake:4)
  11 Hell Sentinels
  A shard shrike skeleton (Crypt:2)
  7 quicksilver dragons
  3 liches
  7 titans (Vaults:5)
  13 acid blobs
  5 deep elf master archers
  23 ancient champions
  2 deep elf blademasters (Elf:3)
  5 death cobs
  A walking frostbound tome (Depths:2)
  2 tentacled starspawn (Abyss:3)
  2 sphinxes
  6 thorn hunters
  5 tengu reavers
  Kirke (Swamp:4)
  Aizul (Snake:2)
  6 shadow dragons
  2 revenants
  3 fenstrider witches (WizLab)
  7 storm dragons
  A fire giant (Depths:1)
  8 nagarajas
  9 azure jellies
  5 draconian scorchers
  6 deep elf sorcerers
  8 draconian monks
  5 frost giants
  A draconian knight (Zot:1)
  4 deep elf elementalists (Elf:3)
  5 iron dragons
  8 quicksilver elementals
  2 juggernaut zombies
  13 vault wardens
  4 ghost moths
  2 curse skulls
  A balrug (Hell)
  5 draconian stormcallers
  4 draconian shifters
  21 war gargoyles
  3 orc warlords
  4 quicksilver oozes
  2 formless jellyfish
  2 caustic shrike skeletons (Crypt:3)
  4 reapers
  7 vampire knights
  8 stone giants
  19 ironbound preservers
  8 ironbound thunderhulks
  4 draconian annihilators
  5 deep elf demonologists (Elf:3)
  8 green draconians
  3 eleionomae
  15 very ugly things
  6 deep elf annihilators
  A lorocyproca (Hell)
  7 red draconians
  12 black draconians
  8 dire elephants
  A wendigo (Hell)
  6 white draconians
  5 purple draconians
  A bunyip (Swamp:2)
  3 spark wasps
  9 yellow draconians
  11 ettins
  2 blizzard demons (Abyss:3)
  An eidolon (Crypt:2)
  7 jiangshi
  A green death (Hell)
  16 iron golems
  5 fire dragons
  11 deep elf death magi
  2 merfolk impalers
  12 yaktaur captains
  5 great orbs of eyes
  2 shambling mangroves (WizLab)
  An entropy weaver (shapeshifter) (D:13)
  3 spriggan zombies
  5 deep elf high priests
  A quicksilver dragon skeleton (D:15)
  33 vault guards
  A catoblepas (Lair:5)
  6 ice dragons
  14 hydras
  6 spriggan air magi
  A caustic shrike simulacrum (IceCv)
  2 peacekeepers (Vaults:3)
  A ghost crab (Swamp:2)
  9 centaur warriors
  7 ironbound frosthearts
  13 anacondas
  7 two-headed ogres
  16 dancing weapons
  3 alligators
  8 naga warriors
  Erica (D:10)
  4 deep troll shamans
  2 nameless horrors
  3 tengu warriors
  5 boulder beetles
  10 deep troll earth magi
  3 satyrs (WizLab)
  4 hell hogs (Hell)
  9 vampire magi
  4 spriggan berserkers
  Urug (D:10)
  2 orc high priests
  13 hell knights
  10 shock serpents
  12 death yaks (Lair:5)
  11 sun demons
  10 deep elf knights
  2 titan zombies
  16 naga sharpshooters
  A sixfirhy (Hell)
  A storm dragon zombie (Crypt:1)
  3 iron trolls
  6 crystal echidnas
  A skyshark (shapeshifter) (D:14)
  3 shadow wraiths
  41 skeletal warriors
  A goliath frog (Swamp:3)
  9 soul eaters
  A titan skeleton (Crypt:3)
  3 skysharks
  An anaconda zombie (Crypt:1)
  2 sea snakes (Snake:4)
  A glowing orange brain (shapeshifter) (Depths:3)
  An orb spider (shapeshifter) (Vaults:5)
  2 spriggan druids (Swamp:3)
  2 large abominations (Abyss:3)
  6 salamander mystics
  37 deep trolls
  5 spriggan simulacra
  4 swamp dragons
  A spectral hydra (Swamp:4)
  3 bog bodies
  A golden dragon skeleton (D:15)
  4 flayed ghosts
  6 necromancers
  4 glowing orange brains
  6 wizards
  11 deep elf archers
  6 harpies (Vaults:1)
  13 ironbound convokers
  2 obsidian statues
  A bunyip skeleton (Crypt:2)
  An anaconda skeleton (Crypt:2)
  5 naga ritualists
  8 phantasmal warriors
  6 starcursed masses
  6 orc knights
  Pikel (D:6)
  23 deep elf pyromancers
  29 deep elf zephyrmancers
  A fenstrider witch simulacrum (Crypt:1)
  7 lindwurms
  A manticore (D:14)
  12 mana vipers
  3 orc sorcerers (Orc:2)
  21 ugly things
  4 oklob plants
  2 wolf spiders (shapeshifter) (Vaults:5)
  5 fauns (WizLab)
  2 shining eyes
  An iron dragon zombie (Crypt:3)
  A will-o-the-wisp (Swamp:1)
  11 salamanders
  2 cyclopes (D:14)
  2 stone giant zombies
  21 moths of wrath
  8 rust devils (Hell)
  17 vault sentinels
  8 fire giant skeletons
  40 black mambas
  7 elephants
  An apocalypse crab (Abyss:3)
  6 guardian serpents
  A titan simulacrum (Hell)
  A stone giant skeleton (Vaults:2)
  An iron dragon skeleton (Crypt:1)
  19 naga magi
  A torpor snail (shapeshifter) (Depths:4)
  An orange demon (Hell)
  9 gargoyles
  A torpor snail (Lair:3)
  2 smoke demons (Abyss:3)
  28 cane toads
  2 rime drakes
  14 komodo dragons
  7 tormentors
  7 hellions
  7 freezing wraiths
  An unseen horror (D:10)
  2 centaur skeletons (Crypt:3)
  An alligator snapping turtle skeleton (Crypt:3)
  3 efreet (D:15)
  A catoblepas skeleton (Crypt:3)
  A hydra zombie (Swamp:4)
  2 golden dragon simulacra (IceCv)
  23 yaktaurs
  4 anaconda simulacra
  10 ice devils
  2 yaktaur skeletons (Vaults:2)
  A troll (shapeshifter) (D:13)
  9 polar bears
  An iron giant simulacrum (Hell)
  A bloated husk (Swamp:1)
  A hellwing (Abyss:2)
  3 meliai (D:13)
  2 harpy zombies
  A queen bee (shapeshifter) (Vaults:5)
  3 trolls
  10 tyrant leeches
  9 hornets
  2 harpy skeletons (Crypt:3)
  6 saltlings (Orc:2)
  Grinder (D:3)
  3 raiju (Abyss:3)
  A tarantella (shapeshifter) (Depths:1)
  A stone giant simulacrum (Hell)
  5 dream sheep (Lair:5)
  40 blink frogs
  2 hydra skeletons (Swamp:4)
  23 slime creatures
  9 centaur simulacra
  A slime creature (shapeshifter) (Depths:4)
  2 air elementals
  A black mamba zombie (Crypt:1)
  2 flying skulls (Volcano)
  A culicivora (shapeshifter) (Depths:2)
  6 spriggans
  An ettin skeleton (Crypt:3)
  3 shadows (Crypt:3)
  8 wraiths
  27 yaks
  5 vampires
  10 water elementals
  6 fire dragon skeletons (Crypt:3)
  3 wyverns
  3 dire elephant simulacra (IceCv)
  3 humans (D:14)
  6 basilisks
  An elf skeleton (Vaults:2)
  Eustachio (D:5)
  3 fire elementals
  A fire bat (Abyss:3)
  3 golden eyes
  A redback (shapeshifter) (Depths:1)
  2 steam dragons (D:8)
  11 minotaur simulacra (IceCv)
  A redback (Vaults:5)
  28 vampire mosquitoes
  2 wargs
  7 swamp worms
  A glowing shapeshifter zombie (Crypt:2)
  A wind drake skeleton (Crypt:1)
  40 nagas
  Duvessa (D:6)
  4 hydra simulacra
  8 water moccasins
  A hell hound (Abyss:3)
  3 acid dragons
  2 floating eyes
  A water moccasin (shapeshifter) (Depths:2)
  A floating eye (shapeshifter) (Vaults:5)
  An ice beast (D:7)
  A glowing shapeshifter skeleton (Vaults:2)
  Pargi (D:4)
  10 black bears
  2 swamp drakes (Swamp:4)
  20 orc warriors
  4 ogres
  5 centaurs
  A boggart (Vaults:1)
  4 wolves (Lair:4)
  An elephant skeleton (Crypt:3)
  2 phantoms
  3 lemures (D:6)
  2 kobold brigands
  3 human skeletons (Vaults:2)
  A komodo dragon zombie (Crypt:2)
  15 bullfrogs
  2 small abominations
  An earth elemental (Elf:1)
  2 gnoll sergeants
  8 deep troll simulacra (IceCv)
  A cyclops skeleton (Crypt:1)
  Dowan (D:6)
  A troll skeleton (Volcano)
  2 lindwurm simulacra (IceCv)
  5 wolf zombies (Bailey)
  A spriggan skeleton (Volcano)
  An electric eel (Lair:5)
  9 vampire bats (Bailey)
  8 howler monkeys
  3 hounds (D:5)
  3 jellies
  23 orc priests
  Crazy Yiuf (D:2)
  4 sleepcaps
  Terence (D:3)
  Natasha (twice) (D:2)
  5 iguanas
  25 orc wizards
  16 hell rats
  2 naga skeletons
  Robin (D:3)
  6 adders
  6 gnolls
  A swamp drake zombie (Crypt:1)
  2 shadow imps
  2 white imps (Abyss:3)
  3 ufetubi
  2 worms
  3 dart slugs
  63 orcs
  2 ball pythons
  7 endoplasms
  5 giant cockroaches
  15 goblins
  6 hobgoblins
  6 jackals (D:3)
  9 quokkas
  9 bats
  A frilled lizard (D:1)
  14 kobolds
  17 orc zombies (Bailey)
  23 rats
  3 spectral weapons (Swamp:3)
  2 starspawn tentacles (Abyss:3)
2124 creatures vanquished.

Vanquished Creatures (collateral kills)
  Mennas (Vaults:4)
  A juggernaut (Depths:4)
  A Killer Klown (Zot:5)
  Bai Suzhen (Vaults:4)
  Geryon (Hell)
  6 golden dragons
  Jory (Vaults:3)
  4 bone dragons
  A doom hound (Depths:4)
  The ghost of Dopruoza the Gelid, an adept DsWn of Vehumet (Snake:2)
  3 tentacled monstrosities
  A walking crystal tome (Depths:2)
  Asterion (Vaults:1)
  A titan (Depths:2)
  Grunn (Depths:4)
  A lich (Vaults:2)
  6 acid blobs
  5 shadow dragons
  2 death cobs
  An ancient champion (Dis:1)
  3 storm dragons
  A fenstrider witch (Swamp:4)
  2 tengu reavers
  Donald (Vaults:4)
  2 rockslimes
  4 azure jellies
  6 nagarajas
  2 frost giants
  A fire giant (Depths:3)
  A deep elf sorcerer (Vaults:5)
  2 draconian knights
  A vault warden (Vaults:1)
  A draconian stormcaller (Depths:4)
  A draconian shifter (Zot:4)
  A spriggan defender (Depths:3)
  An angel (Abyss:2)
  A reaper (Depths:2)
  9 very ugly things
  4 ironbound preservers
  4 formless jellyfish
  2 quicksilver oozes (Slime:5)
  A cacodemon (Depths:2)
  Nessos (D:12)
  2 stone giants
  3 putrid mouths
  2 vampire knights
  2 green draconians
  9 eleionomae
  A yellow draconian (Zot:2)
  A white draconian (Zot:3)
  A black draconian (Zot:2)
  A purple draconian (Zot:2)
  3 spark wasps (Depths:3)
  6 red draconians
  A dire elephant (Vaults:1)
  An eidolon (Crypt:1)
  3 jiangshi
  3 iron golems
  A deep elf death mage (Vaults:5)
  2 merfolk javelineers (Depths:2)
  2 merfolk impalers
  An ettin (Depths:2)
  5 fire dragons
  A yaktaur captain (Vaults:1)
  4 great orbs of eyes
  3 shambling mangroves
  A spriggan zombie (Crypt:1)
  2 vault guards
  A salamander tyrant (Snake:4)
  2 ice dragons
  A rakshasa (Depths:3)
  A fenstrider witch zombie (Crypt:3)
  A ghost crab (Swamp:2)
  8 hydras
  A spriggan skeleton (Crypt:1)
  4 anacondas
  An alligator (Swamp:1)
  2 nameless horrors (Abyss:3)
  An ironbound frostheart (Vaults:2)
  7 naga warriors (Snake:4)
  2 death knights
  A two-headed ogre (shapeshifter) (Depths:3)
  A deep troll shaman (Depths:4)
  4 naga sharpshooters (Snake:4)
  2 deep troll earth magi (Depths:4)
  A titan zombie (Crypt:1)
  A spriggan berserker (Depths:3)
  2 shock serpents
  A hell knight (Depths:4)
  2 soul eaters
  2 vampire magi
  A crystal echidna (Dis:6)
  A wretched star (Abyss:3)
  An iron troll (Depths:2)
  9 skeletal warriors
  2 salamander mystics
  4 sea snakes (Snake:4)
  A shadow demon (Abyss:3)
  5 spriggan druids
  2 goliath frogs (Swamp:3)
  3 naga ritualists (Snake:4)
  21 deep trolls
  3 bog bodies
  5 phantasmal warriors
  A lindwurm (Vaults:4)
  A golden dragon skeleton (Vaults:2)
  An orc knight (Vaults:1)
  4 swamp dragons
  A harpy (Vaults:1)
  2 starcursed masses (Abyss:2)
  3 spectral hydras (Swamp:4)
  A mana viper (Snake:4)
  4 salamanders (Snake:4)
  7 ugly things
  2 fire giant skeletons (Crypt:3)
  2 will-o-the-wisps
  An iron dragon skeleton (Crypt:2)
  4 guardian serpents (Snake:4)
  A centaur zombie (Crypt:3)
  7 black mambas
  A smoke demon (Abyss:3)
  2 vault sentinels
  An eye of devastation (Slime:5)
  5 naga magi
  3 large abominations (Abyss:3)
  2 tormentors
  2 tengu conjurers (Depths:1)
  5 freezing wraiths
  3 yaktaurs
  2 red devils (Hell)
  2 tyrant leeches
  A hydra zombie (Swamp:4)
  2 hornets
  2 death drake zombies (Swamp:4)
  A death drake skeleton (Swamp:4)
  A harpy skeleton (Abyss:3)
  2 raiju (Abyss:3)
  3 blink frogs (Abyss:3)
  A meliai zombie (Crypt:2)
  A water elemental (Depths:2)
  34 slime creatures
  2 spriggans (Depths:3)
  4 wraiths
  2 fire dragon skeletons (Crypt:3)
  4 golden eyes (Slime:5)
  3 hogs (Swamp:4)
  7 vampire mosquitoes
  13 nagas (Snake:4)
  2 small abominations (Abyss:3)
  6 swamp worms
  2 swamp drakes (Swamp:1)
  An orc warrior (Orc:2)
  2 swamp dragon zombies (Swamp:4)
  A lindwurm skeleton (Crypt:1)
  A quasit (Abyss:3)
  A white imp (Abyss:3)
  An orc (Vaults:5)
  A starspawn tentacle (Abyss:3)
431 creatures vanquished.

Vanquished Creatures (others)
  A nagaraja (Snake:4)
  A ghost moth (Zot:3)
  An ettin (Orc:2)
  A deep elf knight (Elf:2)
  A swamp dragon (Swamp:1)
  2 anaconda skeletons (Volcano)
  2 deep elf pyromancers
  A mana viper (Snake:4)
  A guardian serpent (Snake:4)
  2 black mambas
  3 naga magi
  A bloated husk (Swamp:1)
  A dream sheep (Lair:5)
  3 humans (Swamp:4)
  A naga (Snake:2)
  2 orc warriors
  12 foxfires
  3 starspawn tentacles
39 creatures vanquished.

Grand Total: 2594 creatures vanquished

Notes
Turn   | Place    | Note
-------+----------+-------------------------------------------
     0 | D:1      | Bnni the Formicid Earth Elementalist began the quest for
                  | the Orb.
     0 | D:1      | Reached XP level 1. HP: 13/13 MP: 3/3
   255 | D:1      | Reached XP level 2. HP: 19/19 MP: 3/5
   322 | D:1      | Learned a level 2 spell: Passwall
   655 | D:1      | Found a transporter.
   655 | D:1      | Found Yrhaec's Antique Armour Emporium.
   901 | D:1      | Found a transporter.
  1024 | D:2      | Reached skill level 4 in Earth Magic
  1024 | D:2      | Reached XP level 3. HP: 24/25 MP: 6/6
  1038 | D:2      | Identified the +0 robe of Surprise {rN+ MP+9 Str+3}
  1295 | D:2      | Noticed Natasha
  1302 | D:2      | Killed Natasha
  1303 | D:2      | Reached skill level 1 in Conjurations
  1303 | D:2      | Reached XP level 4. HP: 18/31 MP: 8/8
  1497 | D:2      | Reached skill level 1 in Fighting
  1758 | D:2      | Found a runed translucent door.
  1759 | D:2      | Noticed Crazy Yiuf
  1764 | D:2      | Killed Crazy Yiuf
  1932 | D:2      | Noticed Natasha
  1938 | D:2      | Killed Natasha
  1939 | D:2      | Reached XP level 5. HP: 37/37 MP: 9/9
  2162 | D:3      | Noticed Grinder
  2175 | D:3      | Killed Grinder
  2176 | D:3      | Reached skill level 5 in Earth Magic
  2176 | D:3      | Reached XP level 6. HP: 25/44 MP: 11/11
  2297 | D:3      | Noticed Terence
  2302 | D:3      | Killed Terence
  2429 | D:3      | Reached XP level 7. HP: 50/51 MP: 12/12
  2467 | D:3      | Noticed Robin
  2470 | D:3      | Killed Robin
  3362 | D:4      | Found Nidghin's Magic Scroll Shop.
  3461 | D:4      | Noticed Pargi
  3468 | D:4      | Killed Pargi
  3469 | D:4      | Reached skill level 1 in Armour
  3469 | D:4      | Reached skill level 6 in Earth Magic
  3796 | D:5      | Entered Level 5 of the Dungeon
  3818 | D:5      | Reached XP level 8. HP: 58/58 MP: 15/15
  3869 | D:5      | Reached skill level 5 in Spellcasting
  4043 | D:5      | Reached skill level 7 in Earth Magic
  4052 | D:5      | HP: 2/60 [orc priest/divine providence (15)]
  4287 | D:5      | Found a sacrificial altar of Ru.
  4390 | D:5      | Noticed Eustachio
  4415 | D:5      | Killed Eustachio
  4416 | D:5      | Reached skill level 8 in Earth Magic
  4416 | D:5      | Reached XP level 9. HP: 41/66 MP: 14/16
  4602 | D:4      | Bought a scroll of identify for 22 gold pieces
  4602 | D:4      | Bought a scroll of identify for 22 gold pieces
  4602 | D:4      | Bought a scroll of fear for 44 gold pieces
  4602 | D:4      | Bought a scroll of fog for 44 gold pieces
  4616 | D:6      | Noticed a boulder beetle
  4629 | D:6      | Killed a boulder beetle
  4630 | D:6      | Reached skill level 5 in Fighting
  4630 | D:6      | Reached skill level 9 in Earth Magic
  4698 | D:6      | Noticed Duvessa
  4728 | D:6      | Killed Duvessa
  4736 | D:6      | Noticed Dowan
  4738 | D:6      | Killed Dowan
  5147 | D:6      | Reached skill level 5 in Armour
  5147 | D:6      | Reached skill level 10 in Earth Magic
  5537 | D:6      | Found an ornate altar of the Wu Jian Council.
  5767 | D:6      | Noticed Pikel
  5775 | D:6      | Killed Pikel
  5776 | D:6      | Reached XP level 10. HP: 74/77 MP: 17/17
  5781 | D:6      | Learned a level 3 spell: Stone Arrow
  5786 | D:6      | Learned a level 4 spell: Petrify
  5874 | D:6      | Reached skill level 11 in Earth Magic
  6072 | D:7      | Found a staircase to the Ecumenical Temple.
  6082 | Temple   | Entered the Ecumenical Temple
  6092 | Temple   | Became a worshipper of Cheibriados the Contemplative
  6135 | D:7      | Reached skill level 1 in Invocations
  6198 | D:7      | Found a shadowy altar of Dithmenos.
  6201 | D:7      | Found a glowing silver altar of Zin.
  6204 | D:7      | Found an opulent altar of Gozag.
  6823 | D:8      | Identified a scroll of acquirement
  6824 | D:8      | Acquired the +0 pair of gloves "Ocrynei" {rElec rC++
                  | Slay-4}
  6942 | D:8      | Reached * piety under Cheibriados
  6944 | D:8      | Found a flagged portal.
  6959 | Bailey   | Entered a bailey
  7136 | Bailey   | Reached ** piety under Cheibriados
  7273 | Bailey   | Noticed a gargoyle
  7288 | Bailey   | Killed a gargoyle
  7549 | Bailey   | Identified the +2 chain mail of the Land of Plenty
                  | {Rampage}
  7611 | Bailey   | Found the +3 hat of Pondering {ponderous, Will+ MP+10
                  | Int+5}
  8320 | D:9      | Noticed a two-headed ogre
  8328 | D:9      | Killed a two-headed ogre
  8329 | D:9      | Reached skill level 5 in Invocations
  8329 | D:9      | Reached XP level 11. HP: 37/84 MP: 3/18
  8961 | D:9      | Identified the +4 battleaxe "Jytref" {speed, rElec Will-
                  | Dex+3}
  8987 | D:9      | Reached *** piety under Cheibriados
  9110 | D:9      | Found a staircase to the Orcish Mines.
  9302 | D:10     | Entered Level 10 of the Dungeon
  9325 | D:10     | Noticed Erica
  9329 | D:10     | Killed Erica
  9330 | D:10     | Reached skill level 1 in Shields
  9447 | D:10     | Noticed a two-headed ogre
  9452 | D:10     | Killed a two-headed ogre
  9488 | D:10     | Reached skill level 12 in Earth Magic
  9538 | D:10     | Found a blossoming altar of Fedhas.
  9538 | D:10     | Found a basalt altar of Yredelemnul.
  9557 | D:10     | Noticed Urug
  9567 | D:10     | Killed Urug
  9623 | D:10     | Found a staircase to the Lair.
  9795 | D:10     | Noticed a deep troll
  9803 | D:10     | Killed a deep troll
  9890 | D:10     | Found the necklace of Bloodlust {Fury *Rage Will++ Int-3
                  | Slay+6}
 10107 | D:10     | Noticed a deep troll
 10112 | D:10     | Killed a deep troll
 10196 | D:11     | Reached XP level 12. HP: 88/94 MP: 14/19
 10295 | D:11     | Noticed a boulder beetle
 10321 | D:11     | Killed a boulder beetle
 10623 | D:11     | Reached skill level 10 in Armour
 10634 | D:11     | Reached **** piety under Cheibriados
 11366 | D:12     | Found a runed translucent gate.
 11366 | D:12     | Found a runed translucent gate.
 11366 | D:12     | Found a runed translucent gate.
 11380 | D:12     | Reached skill level 5 in Shields
 11389 | D:12     | Noticed Nessos
 11412 | D:12     | Killed Nessos
 11871 | D:12     | Noticed Lexodia's ghost (journeyman GnCj)
 12093 | D:12     | Reached skill level 10 in Invocations
 12383 | D:12     | Got the ring "Ynetu" {Fire *Corrode Int+5 Stlth+}
 12423 | D:13     | Noticed a six-headed hydra
 12545 | Lair:1   | Entered Level 1 of the Lair of Beasts
 12845 | Lair:1   | Reached XP level 13. HP: 101/101 MP: 17/20
 13177 | Lair:1   | Reached ***** piety under Cheibriados
 13809 | Lair:2   | Reached skill level 13 in Earth Magic
 13901 | Lair:2   | Reached skill level 10 in Fighting
 14036 | Lair:2   | Found a staircase to the Snake Pit.
 14127 | Lair:2   | Noticed a five-headed hydra
 14131 | Lair:2   | Killed a five-headed hydra
 14535 | Lair:2   | Found a staircase to the Swamp.
 14548 | Lair:2   | HP: 2/103 [swamp worm (6)]
 15006 | Lair:3   | Found a dark tunnel.
 15019 | Volcano  | Entered a volcano
 15307 | Volcano  | Learned a level 2 spell: Sublimation of Blood
 15994 | Lair:3   | Reached skill level 1 in Necromancy
 16490 | Lair:3   | Reached XP level 14. HP: 75/111 MP: 13/23
 18752 | Lair:5   | Entered Level 5 of the Lair of Beasts
 18766 | Lair:5   | Reached ****** piety under Cheibriados
 19703 | Lair:5   | HP: 2/113 [skyshark (8)]
 20208 | Lair:5   | Reached skill level 14 in Earth Magic
 20536 | Lair:5   | Reached XP level 15. HP: 119/119 MP: 21/25
 20603 | Lair:5   | Found a staircase to the Slime Pits.
 20603 | Lair:5   | Found a viscous altar of Jiyva.
 20732 | Lair:5   | Acquired the +2 pair of slick slippers {slick, slippery,
                  | EV+4}
 20732 | Lair:5   | Found the +2 pair of slick slippers {slick, slippery, EV+4}
 21061 | Lair:5   | HP: 5/112 [dream sheep (12)]
 21766 | Lair:5   | Reached skill level 10 in Shields
 22315 | Lair:5   | Identified the +6 plate armour "Saf Edushro" {Int+2 Stlth+}
 22327 | Lair:5   | Identified the +1 trident "Saleni" {heavy, MP+9 Stlth+}
 22870 | Orc:1    | Entered Level 1 of the Orcish Mines
 22871 | Orc:1    | Found a burning altar of Makhleb.
 22886 | Orc:1    | Reached skill level 5 in Necromancy
 23303 | Orc:2    | Entered Level 2 of the Orcish Mines
 23466 | Orc:2    | Found a staircase to the Elven Halls.
 23927 | Orc:2    | Found Lyqe's Jewellery Emporium.
 23933 | Orc:2    | Bought an amulet of regeneration for 390 gold pieces
 23970 | Orc:2    | Noticed an orc warlord
 23989 | Orc:2    | Killed an orc warlord
 24102 | Orc:2    | Found Lyenidaid's General Store.
 24104 | Orc:2    | Found Demifaxt's Book Boutique.
 24116 | Orc:2    | Bought a potion of degeneration for 16 gold pieces
 24117 | Orc:2    | Bought a potion of cancellation for 128 gold pieces
 24134 | Orc:2    | Found Vuojue's Weapon Shop.
 25116 | D:13     | Identified the +10 quarterstaff "Dieshreagh" {heavy, rCorr}
 25225 | D:13     | Reached XP level 16. HP: 73/127 MP: 19/27
 25566 | D:13     | Identified the +1 dagger of Yesterday {drain, Int+2}
 26069 | D:14     | Found Eboapeaxu's General Store.
 26077 | D:14     | Bought a scroll of acquirement for 728 gold pieces
 26077 | D:14     | Acquired 576 gold pieces
 26174 | D:13     | Reached skill level 15 in Earth Magic
 26518 | D:14     | Found a gate to the Vaults.
 26855 | D:14     | Reached skill level 5 in Dodging
 27125 | D:15     | Entered Level 15 of the Dungeon
 27180 | D:15     | Found a staircase to the Depths.
 27790 | D:15     | Found a portal to a secret trove of treasure.
 28458 | D:15     | You paid a toll of a +5 demon trident to enter a treasure
                  | trove
 28459 | Trove    | Entered a treasure trove
 28472 | Trove    | Identified the ring of the Ikuchi {+Blink rN+ Will+ AC+4
                  | Dex+4}
 28476 | Trove    | Identified the ring "Fosezypn" {rC+ Str+2 Int+3 Dex-2
                  | Stlth+}
 28478 | Trove    | Identified the +2 pair of gloves "Xutzevv Etua" {rF+ Will+}
 28484 | Trove    | Identified the amulet "Rainuq" {Acrobat rF+ rC++ Regen+
                  | Int-3}
 28493 | Trove    | Identified the +11 rapier "Ruvau" {speed, Dex+7}
 28779 | Elf:1    | Entered Level 1 of the Elven Halls
 28960 | Elf:1    | Noticed a deep elf sorcerer
 28967 | Elf:1    | Killed a deep elf sorcerer
 29070 | Elf:1    | Got the Omnibus of Outbursts and Summoning
 29176 | Elf:1    | Reached XP level 17. HP: 135/135 MP: 23/29
 29355 | Elf:1    | Found a runed translucent gate.
 29356 | Elf:1    | Found a runed translucent gate.
 29356 | Elf:1    | Found a runed translucent gate.
 29357 | Elf:1    | Noticed Tutankhamun's ghost (adept SpBr)
 29357 | Elf:1    | Noticed a titan
 29359 | Elf:1    | Found an iron altar of Okawaru.
 29849 | Elf:2    | Reached skill level 15 in Armour
 29915 | Elf:2    | Identified the +6 arbalest of the Nexus {drain, SInv}
 29966 | Elf:2    | Found a frozen archway.
 29971 | IceCv    | Entered an ice cave
 30684 | IceCv    | Noticed an Ice Fiend
 30744 | IceCv    | Killed an Ice Fiend
 30900 | IceCv    | Found the +8 frozen axe "Frostbite" {freeze, freezing
                  | cloud, *Noise Fly rC+}
 30914 | IceCv    | Identified the amulet "Gofrum" {RegenMP Int+9 Dex-2}
 31488 | Elf:2    | Found a runed translucent gate.
 31489 | Elf:2    | Found a runed translucent gate.
 31489 | Elf:2    | Found a runed translucent gate.
 31517 | Elf:3    | Entered Level 3 of the Elven Halls
 31751 | Elf:3    | Reached skill level 16 in Earth Magic
 31751 | Elf:3    | Reached XP level 18. HP: 143/143 MP: 20/31
 32170 | Elf:3    | Noticed a Hell Sentinel
 32994 | Elf:3    | Noticed a Brimstone Fiend
 33133 | Elf:3    | Noticed a deep elf master archer
 33135 | Elf:3    | Killed a deep elf master archer
 34201 | Elf:3    | Identified the +6 double sword "Bucwid" {venom, Str+3}
 34204 | Elf:3    | Identified the amulet "Vaon" {Faith Int+6}
 34204 | Elf:3    | Noticed a deep elf blademaster
 34217 | Elf:3    | Killed a deep elf blademaster
 34218 | Elf:3    | Noticed a Hell Sentinel
 34370 | Elf:3    | Identified the +2 rapier of Malum In Se {heavy, Str+3
                  | Dex+6}
 34418 | Elf:3    | Identified the ring "Xylionuf" {rC- rN+ AC+4 Str+3 Stlth+}
 34775 | Elf:3    | Noticed a deep elf blademaster
 34782 | Elf:3    | Noticed an Ice Fiend
 34784 | Elf:3    | Killed a deep elf blademaster
 34922 | Elf:3    | Reached skill level 15 in Shields
 34928 | Elf:3    | Identified the +4 war axe of Okawaru's Whim {flame, +Blink
                  | Fly rF++ Str-2}
 34989 | Elf:3    | Noticed a deep elf master archer
 34991 | Elf:3    | Killed a deep elf master archer
 35046 | Elf:3    | Identified the staff "Nuriecis" {rN+ Str+3 Conj}
 35113 | Elf:3    | Identified the +1 helmet of Responsibility {rPois rN+}
 35125 | Elf:3    | Got the Handbook of the Xenotype
 35520 | Snake:1  | Entered Level 1 of the Snake Pit
 35795 | Snake:1  | Reached skill level 1 in Summonings
 36213 | Snake:1  | Reached skill level 10 in Spellcasting
 36355 | Snake:1  | Reached XP level 19. HP: 151/151 MP: 33/33
 36840 | Snake:2  | Found a runed translucent gate.
 36840 | Snake:2  | Found a runed translucent gate.
 36840 | Snake:2  | Found a runed translucent gate.
 36841 | Snake:2  | Found an opulent altar of Gozag.
 36842 | Snake:2  | Noticed Dopruoza's ghost (adept DsWn)
 36890 | Snake:2  | Noticed Aizul
 36926 | Snake:2  | Killed Aizul
 37253 | Snake:2  | Found a transporter.
 37276 | Snake:2  | Found a shimmering blue altar of Sif Muna.
 37756 | Snake:2  | You are sucked into a shaft and drop 1 floor!
 38575 | Snake:3  | Found Letwyth's General Store.
 38579 | Snake:3  | Bought a scroll of acquirement for 780 gold pieces
 38579 | Snake:3  | Acquired the Handbook of Coarse Translocation
 38586 | Snake:3  | Learned a level 4 spell: Animate Armour
 38592 | Snake:3  | Learned a level 5 spell: Lee's Rapid Deconstruction
 38718 | Snake:4  | Entered Level 4 of the Snake Pit
 38860 | Snake:4  | Identified the +4 trident "Xuoso" {freeze, Fly rElec rCorr
                  | Str-2}
 38866 | Snake:4  | Noticed Mlioglotl
 38877 | Snake:4  | Killed Mlioglotl
 39046 | Snake:4  | Reached skill level 5 in Conjurations
 39115 | Snake:4  | Reached XP level 20. HP: 36/157 MP: 22/34
 39357 | Snake:4  | Acquired 497 gold pieces
 39522 | Snake:4  | Got a serpentine rune of Zot
 39555 | Snake:4  | Reached skill level 17 in Earth Magic
 39742 | Snake:4  | Reached skill level 10 in Necromancy
 40177 | Snake:2  | Gained mutation: Armour fits poorly on your strangely
                  | shaped body. [mutagenic glow]
 40179 | Snake:2  | Killed Dopruoza's ghost
 40405 | Snake:2  | Found a transporter.
 40658 | Swamp:1  | Entered Level 1 of the Swamp
 41271 | Swamp:1  | Found a stormy altar of Qazlal.
 41694 | Swamp:2  | Reached XP level 21. HP: 167/167 MP: 32/36
 41897 | Swamp:2  | Noticed Kiciri's ghost (adept DrCj)
 41906 | Swamp:2  | Found a runed translucent gate.
 41906 | Swamp:2  | Found a runed translucent gate.
 41907 | Swamp:2  | Found a runed translucent gate.
 42016 | Swamp:2  | Reached skill level 15 in Fighting
 42929 | Swamp:4  | Entered Level 4 of the Swamp
 42953 | Swamp:4  | Noticed Kirke
 42960 | Swamp:4  | Killed Kirke
 43217 | Swamp:4  | Reached skill level 18 in Earth Magic
 43358 | Swamp:4  | Identified the +6 mace "Fiyst" {flame, Dex+4 Stlth+}
 43547 | Swamp:4  | Found a basalt altar of Yredelemnul.
 43565 | Swamp:4  | Got a decaying rune of Zot
 43599 | Swamp:4  | Found a blossoming altar of Fedhas.
 44042 | Depths:1 | Entered Level 1 of the Depths
 44062 | Depths:1 | Found Roev Puj's Armour Shoppe.
 44068 | Depths:1 | Bought +1 pearl dragon scales for 1468 gold pieces
 44164 | Depths:1 | Found Kapp's General Store.
 44398 | Depths:1 | Found Gosil's Book Shoppe.
 44400 | Depths:1 | Found Huzoamee's Magic Scroll Emporium.
 44403 | Depths:1 | Found Oraar's Jewellery Shoppe.
 44594 | Depths:1 | Found a radiant altar of Vehumet.
 44762 | Depths:1 | Found Zin's Purification Station.
 44762 | Depths:1 | Found a glowing silver altar of Zin.
 44994 | Depths:1 | Found a gateway to Hell.
 45303 | Depths:2 | Reached XP level 22. HP: 120/177 MP: 34/37
 45584 | Depths:2 | Found a one-way gate leading to the halls of Pandemonium.
 45622 | Depths:2 | Found a corrupted altar of Lugonu.
 45622 | Depths:2 | Found a one-way gate to the infinite horrors of the Abyss.
 46009 | Depths:2 | Noticed a golden dragon
 46017 | Depths:2 | Killed a golden dragon
 46030 | Depths:2 | Noticed a juggernaut
 46037 | Depths:2 | Killed a juggernaut
 46043 | Depths:2 | Found the amulet of the Four Winds {rN+ Will+++ Clar}
 46226 | Depths:2 | Found Xudapn's Jewellery Shop.
 46226 | Depths:2 | Found Kuloamad's Book Shoppe.
 46227 | Depths:2 | Found Cumeepea's Book Shoppe.
 46237 | Depths:2 | Bought a book of Unlife for 720 gold pieces
 46241 | Depths:2 | Bought a book of the Moon for 560 gold pieces
 46247 | Depths:2 | Learned a level 5 spell: Borgnjor's Vile Clutch
 46256 | Depths:2 | Learned a level 8 spell: Lehudib's Crystal Spear
 46515 | Depths:2 | Noticed a golden dragon
 46520 | Depths:2 | Killed a golden dragon
 47151 | Depths:3 | Noticed a golden dragon
 47158 | Depths:3 | Killed a golden dragon
 47159 | Depths:3 | Reached skill level 19 in Earth Magic
 47861 | Depths:3 | Found a one-way gateway to a ziggurat.
 47871 | Depths:3 | Reached XP level 23. HP: 170/186 MP: 25/39
 48323 | Depths:3 | Found a shimmering altar of Xom.
 48391 | Depths:3 | Found a shimmering altar of Xom.
 48391 | Depths:3 | Found a shimmering altar of Xom.
 48392 | Depths:3 | Found a shimmering altar of Xom.
 48394 | Depths:3 | Found a shimmering altar of Xom.
 48399 | Depths:3 | Found a shimmering altar of Xom.
 48399 | Depths:3 | Found a shimmering altar of Xom.
 48484 | Depths:4 | Entered Level 4 of the Depths
 48645 | Depths:4 | Found Lulemp's Antique Weapon Emporium.
 48748 | Depths:4 | Reached skill level 10 in Dodging
 48809 | Depths:4 | Noticed a golden dragon
 48820 | Depths:4 | Killed a golden dragon
 48822 | Depths:4 | Found a gate to the Realm of Zot.
 48942 | Depths:4 | Found Eqia's Magic Scroll Shoppe.
 48960 | Depths:4 | Noticed Grunn
 48964 | Depths:4 | Reached skill level 5 in Summonings
 48977 | Depths:4 | Killed Grunn
 49283 | Depths:4 | Found Uffusch's Magic Scroll Boutique.
 49465 | Depths:4 | Found Ufoill's Book Shop.
 49470 | Depths:4 | Bought a book of Annihilations for 1320 gold pieces
 49480 | Depths:4 | Learned a level 9 spell: Shatter
 49540 | Depths:4 | Noticed a juggernaut
 49548 | Depths:4 | Killed a juggernaut
 49619 | Depths:4 | Found Cithoj's Distillery.
 49699 | Depths:4 | Found Niseugg's Antique Weapon Boutique.
 49701 | Depths:4 | Found Ciavon's Assorted Antiques.
 49701 | Depths:4 | Found Bivuc's Magic Scroll Shop.
 49706 | Depths:4 | Found Weowkeyj's Antique Armour Shop.
 49972 | Depths:4 | Bought a scroll of enchant armour for 142 gold pieces
 49972 | Depths:4 | Bought a scroll of revelation for 142 gold pieces
 50038 | Depths:1 | Bought a scroll of enchant armour for 105 gold pieces
 50038 | Depths:1 | Bought a scroll of enchant armour for 105 gold pieces
 50260 | Snake:3  | Bought a scroll of enchant armour for 112 gold pieces
 50483 | D:4      | Bought a scroll of enchant armour for 82 gold pieces
 50653 | Depths:1 | Bought a potion of heal wounds for 90 gold pieces
 50734 | Vaults:1 | Entered Level 1 of the Vaults
 50790 | Vaults:1 | Noticed Asterion
 50794 | Vaults:1 | Killed Asterion
 51092 | Vaults:1 | Reached XP level 24. HP: 136/197 MP: 28/39
 51559 | Vaults:1 | Reached skill level 10 in Conjurations
 51573 | Vaults:1 | Reached skill level 20 in Earth Magic
 52088 | Vaults:2 | Found a magical portal.
 52094 | WizLab   | Entered Eringya's Formal Garden
 52316 | WizLab   | Reached skill level 1 in Evocations
 52337 | WizLab   | Found a blossoming altar of Fedhas.
 52955 | Vaults:2 | Identified the ring "Wollaf" {Fire rPois Int+3}
 53127 | Vaults:2 | Found a staircase to the Crypt.
 53460 | Vaults:2 | Identified the +0 cloak "Quak" {Drain Fly rElec}
 53767 | Vaults:2 | Reached XP level 25. HP: 163/206 MP: 28/40
 53964 | Vaults:2 | Noticed a dread lich
 53969 | Vaults:2 | Killed a dread lich
 54063 | Vaults:2 | Identified the +4 leather armour of Beogh's Delight {-Cast
                  | -Tele Dex+6}
 55381 | Vaults:3 | Found Ipnusugh's Antique Armour Emporium.
 55646 | Vaults:3 | Noticed Jory
 55657 | Vaults:3 | Killed Jory
 55658 | Vaults:3 | Reached skill level 21 in Earth Magic
 55866 | Vaults:3 | Found Holou's Book Shop.
 56221 | Vaults:4 | Noticed Bai Suzhen
 56231 | Vaults:4 | Killed Bai Suzhen
 56497 | Vaults:4 | Identified the +9 quarterstaff of Skirmishing {heavy, rF-
                  | rC+++ rN+++ rCorr}
 56975 | Vaults:4 | Noticed Donald
 56982 | Vaults:4 | Killed Donald
 57108 | Vaults:4 | Found Vybroa's Magic Scroll Emporium.
 57119 | Vaults:4 | Bought a scroll of enchant armour for 112 gold pieces
 57607 | Crypt:1  | Entered Level 1 of the Crypt
 57612 | Crypt:1  | Noticed Frederick
 57622 | Crypt:1  | Killed Frederick
 57655 | Crypt:1  | Learned a level 7 spell: Spellforged Servitor
 58079 | Crypt:1  | Reached XP level 26. HP: 138/217 MP: 10/40
 58255 | Crypt:1  | Learned a level 6 spell: Leda's Unmaking
 59907 | Crypt:3  | Entered Level 3 of the Crypt
 60695 | Crypt:3  | Found a staircase to the Tomb.
 60724 | Crypt:3  | Identified the staff "Axzam" {rPois rC+ Str-3 Dex+3 Necro
                  | Ice}
 60734 | Crypt:3  | Noticed an ancient lich
 60739 | Crypt:3  | Killed an ancient lich
 60740 | Crypt:3  | Reached skill level 22 in Earth Magic
 61123 | Crypt:3  | Noticed Margery
 61130 | Crypt:3  | Killed Margery
 61483 | Crypt:3  | Noticed a dread lich
 61486 | Crypt:3  | Killed a dread lich
 62298 | Slime:1  | Entered Level 1 of the Pits of Slime
 62645 | Slime:2  | Noticed Dissolution
 62649 | Slime:2  | Killed Dissolution
 63015 | Slime:5  | Entered Level 5 of the Pits of Slime
 63016 | Slime:5  | Found a viscous altar of Jiyva.
 63028 | Slime:5  | Reached XP level 27. HP: 224/224 MP: 25/41
 63268 | Slime:5  | Found the ring of the Hare {EV+10}
 63370 | Slime:5  | Noticed the Royal Jelly
 63387 | Slime:5  | Killed the Royal Jelly
 63442 | Slime:5  | Identified the +4 halberd "Foxkunn" {venom, rC++ Dex+3}
 63443 | Slime:5  | Identified the +2 long sword of Vyosacs {venom, rN+ Int+5}
 63446 | Slime:5  | Identified the +1 spear of Egomania {flame, rN+ Dex+4}
 63458 | Slime:5  | Identified the ring of Ashenzari's Approval {*Corrode rElec
                  | rN++ Will+ Slay+4}
 63464 | Slime:5  | Got Sif Muna's Directory of the Massed Coals
 63466 | Slime:5  | Identified the +8 glaive of Insomnia {freeze, rElec rPois
                  | Dex-3 Stlth+}
 63467 | Slime:5  | Identified the +1 leather armour of Bomp {rF+ rCorr}
 63484 | Slime:5  | Identified the +2 robe of Compassion {*Slow rElec SInv
                  | Archmagi}
 63489 | Slime:5  | Identified the ring "Heotsin" {EV+5 Str+2}
 63492 | Slime:5  | Got a slimy rune of Zot
 63495 | Slime:5  | Identified the +7 quick blade of the Volcano {drain,
                  | Fragile Int+2 Dex+9}
 63525 | Slime:5  | Identified the ring of Angoe {rPois Str+6}
 63850 | Depths:2 | Voluntarily entered the Abyss.
 63875 | Abyss:1  | Found a corrupted altar of Lugonu.
 64328 | Abyss:3  | Got Sif Muna's Omnibus of the Brume
 64440 | Abyss:3  | Reached skill level 23 in Earth Magic
 64451 | Abyss:3  | Got an abyssal rune of Zot
 64459 | Depths:2 | Escaped the Abyss
 64460 | Depths:2 | Lost mutation: Armour fits poorly on your strangely shaped
                  | body. [potion of mutation]
 64460 | Depths:2 | Gained mutation: Your movements are slightly less
                  | encumbered by armour. (ER -2) [potion of mutation]
 64460 | Depths:2 | Gained mutation: Armour fits poorly on your strangely
                  | shaped body. [potion of mutation]
 64460 | Depths:2 | Gained mutation: Your system is resistant to poisons.
                  | (rPois) [potion of mutation]
 64461 | Depths:2 | Lost mutation: Your movements are slightly less encumbered
                  | by armour. (ER -2) [potion of mutation]
 64461 | Depths:2 | Lost mutation: Your system is resistant to poisons. (rPois)
                  | [potion of mutation]
 64461 | Depths:2 | Gained mutation: You are robust. (+10% HP) [potion of
                  | mutation]
 64461 | Depths:2 | Gained mutation: You have large cloven feet. [potion of
                  | mutation]
 64461 | Depths:2 | Gained mutation: Your skin changes colour to match your
                  | surroundings (Stealth+). [potion of mutation]
 64461 | Depths:2 | Gained mutation: You have hoof-like feet. [potion of
                  | mutation]
 64462 | Depths:2 | Lost mutation: Your skin changes colour to match your
                  | surroundings (Stealth+). [potion of mutation]
 64462 | Depths:2 | Lost mutation: You have hoof-like feet. [potion of
                  | mutation]
 64462 | Depths:2 | Lost mutation: Armour fits poorly on your strangely shaped
                  | body. [potion of mutation]
 64462 | Depths:2 | Gained mutation: Your spells are a little harder to cast,
                  | but a little more powerful. [potion of mutation]
 64462 | Depths:2 | Gained mutation: Your movements are slightly less
                  | encumbered by armour. (ER -2) [potion of mutation]
 64465 | Depths:2 | Learned a level 1 spell: Apportation
 64577 | Hell     | Entered the Vestibule of Hell
 64577 | Hell     | Noticed Geryon
 64580 | Hell     | Reached skill level 10 in Summonings
 64782 | Hell     | Reached skill level 15 in Spellcasting
 65138 | Hell     | Killed Geryon
 65200 | Hell     | Found a gateway to the freezing wastes of Cocytus.
 65380 | Hell     | Found a gateway to the decaying netherworld of Tartarus.
 65499 | Hell     | Found a gateway to the ashen valley of Gehenna.
 65564 | Hell     | Found a gateway to the Iron City of Dis.
 65726 | Zot:1    | Entered Level 1 of the Realm of Zot
 65912 | Zot:1    | Learned a level 7 spell: Haunt
 66046 | Zot:1    | Reached skill level 15 in Conjurations
 66046 | Zot:1    | Reached skill level 24 in Earth Magic
 67626 | Zot:2    | Identified the +5 scale mail of Socw {Int+4}
 68279 | Zot:3    | Reached skill level 25 in Earth Magic
 69047 | Zot:4    | Acquired the +2 ratskin cloak {*Rats rPois rN+ Str-1 Int-1
                  | Dex+1}
 69047 | Zot:4    | Found the +2 ratskin cloak {*Rats rPois rN+ Str-1 Int-1
                  | Dex+1}
 69455 | Zot:5    | Entered Level 5 of the Realm of Zot
 69619 | Zot:5    | Noticed an ancient lich
 69651 | Zot:4    | Killed an ancient lich
 69797 | Zot:5    | Noticed a Killer Klown
 69805 | Zot:5    | Killed a Killer Klown
 69849 | Zot:5    | Noticed an orb of fire
 69852 | Zot:5    | Gained mutation: You are weak. (Str -2) [an orb of fire]
 69854 | Zot:5    | Killed an orb of fire
 70310 | Vaults:5 | Entered Level 5 of the Vaults
 70313 | Vaults:5 | Reached skill level 26 in Earth Magic
 70319 | Vaults:5 | Upgraded the game from 0.31-a0-479-g91c9547826 to
                  | 0.31-a0-489-g282fc92437
 70319 | Vaults:5 | Noticed Mennas
 70422 | Vaults:5 | Noticed an ancient lich
 70482 | Vaults:5 | Noticed a dread lich
 70484 | Vaults:5 | Killed an ancient lich
 70485 | Vaults:5 | Killed a dread lich
 70485 | Vaults:5 | Noticed an ancient lich
 70577 | Vaults:5 | Identified the ring "Ubuggoh" {*Slow rPois rN+++ rCorr
                  | Int+6}
 70579 | Vaults:5 | Killed an ancient lich
 70669 | Vaults:5 | Noticed a dread lich
 70790 | Vaults:5 | Noticed a dread lich
 70802 | Vaults:4 | Killed a dread lich
 70807 | Vaults:4 | Killed Mennas
 70823 | Vaults:5 | Killed a dread lich
 71150 | Vaults:5 | Got a silver rune of Zot
 71165 | Vaults:5 | Identified the +2 hand axe "Pendulum" {pain, rN+}
 71185 | Vaults:5 | Identified the ring "Immueh" {rF+ rC+ EV+5}
 71187 | Vaults:5 | Identified the staff "Hyfucuess" {+Blink Str+2 Int+3 Conj}
 71344 | Vaults:5 | Identified the ring of Ewoxkorch {Wiz rCorr}
 71594 | Vaults:5 | Found Fooduir's Magic Scroll Shop.
 71594 | Vaults:5 | Found Redejec's Magic Scroll Shoppe.
 71599 | Vaults:5 | Bought a scroll of acquirement for 832 gold pieces
 71605 | Vaults:5 | Found Zag Uco's Distillery.
 71613 | Vaults:5 | Bought a potion of heal wounds for 65 gold pieces
 71634 | Vaults:5 | Found Bapseygi's Distillery.
 71646 | Vaults:5 | Found Meskext's Magic Scroll Emporium.
 71646 | Vaults:5 | Found Vileluni's Distillery.
 72050 | Vaults:5 | Acquired 928 gold pieces
 72093 | Vaults:4 | Bought a scroll of enchant armour for 112 gold pieces
 72131 | Vaults:5 | Bought a scroll of enchant armour for 135 gold pieces
 72142 | Vaults:5 | Bought a scroll of enchant armour for 157 gold pieces
 72142 | Vaults:5 | Bought a scroll of butterflies for 84 gold pieces
 72257 | Vaults:5 | Bought a potion of heal wounds for 120 gold pieces
 72257 | Vaults:5 | Bought a potion of heal wounds for 120 gold pieces
 72257 | Vaults:5 | Bought a potion of heal wounds for 120 gold pieces
 72257 | Vaults:5 | Bought a potion of heal wounds for 120 gold pieces
 72285 | Vaults:5 | Bought a scroll of revelation for 120 gold pieces
 72305 | Vaults:5 | Bought a scroll of revelation for 135 gold pieces
 72305 | Vaults:5 | Bought a scroll of revelation for 135 gold pieces
 72568 | Dis:1    | Entered Level 1 of the Iron City of Dis
 72627 | Dis:1    | Reached skill level 27 in Earth Magic
 72889 | Dis:3    | Noticed a dread lich
 72897 | Dis:3    | Killed a dread lich
 73026 | Dis:3    | Found a huge runed gate.
 73026 | Dis:3    | Found a huge runed gate.
 73026 | Dis:3    | Found a huge runed gate.
 73028 | Dis:3    | Found a huge runed gate.
 73028 | Dis:3    | Found a huge runed gate.
 73029 | Dis:3    | Found a huge runed gate.
 73029 | Dis:3    | Found a huge runed gate.
 73029 | Dis:3    | Found a huge runed gate.
 73031 | Dis:3    | Found a huge runed gate.
 73033 | Dis:3    | Found a huge runed gate.
 73033 | Dis:3    | Found a huge runed gate.
 73033 | Dis:3    | Found a huge runed gate.
 73033 | Dis:3    | Found a huge runed gate.
 73033 | Dis:3    | Found a huge runed gate.
 73033 | Dis:3    | Found a huge runed gate.
 73034 | Dis:3    | Found a huge runed gate.
 73035 | Dis:3    | Found a huge runed gate.
 73036 | Dis:3    | Found a huge runed gate.
 73119 | Dis:3    | Found a huge runed gate.
 73119 | Dis:3    | Found a huge runed gate.
 73119 | Dis:3    | Found a huge runed gate.
 73119 | Dis:3    | Found a huge runed gate.
 73119 | Dis:3    | Found a huge runed gate.
 73119 | Dis:3    | Found a huge runed gate.
 73120 | Dis:3    | Found a huge runed gate.
 73121 | Dis:3    | Found a huge runed gate.
 73122 | Dis:3    | Found a huge runed gate.
 73130 | Dis:3    | Found a huge runed gate.
 73130 | Dis:3    | Found a huge runed gate.
 73130 | Dis:3    | Found a huge runed gate.
 73130 | Dis:3    | Found a huge runed gate.
 73130 | Dis:3    | Found a huge runed gate.
 73130 | Dis:3    | Found a huge runed gate.
 73130 | Dis:3    | Found a huge runed gate.
 73200 | Dis:3    | Found a huge runed gate.
 73201 | Dis:3    | Found a huge runed gate.
 73576 | Dis:4    | Reached skill level 15 in Necromancy
 74289 | Dis:7    | Entered Level 7 of the Iron City of Dis
 74353 | Dis:7    | HP: 10/251 [Hell Sentinel/damnation (41)]
 74356 | Dis:7    | Killed from afar by a Hell Sentinel

Illustrated notes

Levels and vault maps discovered:
D:1:      minmay_arrival_jagged, layout_basic, serial_shops,
          nicolae_shop_drivethru, minmay_misc_feat_square
D:2:      layout_loops_ring, dreamdust_princess_bridge, uniq_crazy_yiuf_cottage,
          uniq_natasha
D:3:      minmay_bubble_buster, layout_basic, uniq_terence, uniq_robin,
          uniq_grinder
D:4:      layout_rooms, grunt_ministairs_9, nicolae_take_the_stairs,
          minmay_rat_hole, uniq_pargi
D:5:      layout_rooms, minmay_ruined_shrine, uniq_eustachio
D:6:      layout_basic, mainiacjoe_overflow_small_starburst, uniq_duvessa,
          uniq_pikel
D:7:      layout_cave_pools, grunt_temple_overflow_open,
          minmay_temple_entry_statues_fountains
D:8:      layout_basic, enter_bailey_2, grunt_decor_resistance
D:9:      layout_basic, david_orc_1_choice
D:10:     layout_cave_pools, chequers_temple_overflow_statue_of_worship,
          david_lair_shrubbed, hellmonk_guarded_unrand_vitality_bloodlust,
          uniq_erica, uniq_urug
D:11:     layout_rooms
D:12:     layout_layer_cave, gammafunk_ghost_icy, uniq_nessos
D:13:     layout_cave_pods
D:14:     layout_rooms, hellmonk_vaults_keyhole, serial_shops, shop,
          minmay_misc_feat_hallway
D:15:     gammafunk_depths_entry_grave, layout_grid_maze, enter_trove_2,
          minivault_26
Temple:   eino_temple_scatter_basement
Lair:1:   layout_cave_shapes, minivault_26
Lair:2:   layout_regular_city, minmay_swamp_entry_worms,
          guppyfry_snake_entry_island
Lair:3:   beast_lair_carwin_large_4, layout_chaotic_city, enter_volcano_2
Lair:4:   statuecave_lemuel, layout_hall_layers
Lair:5:   minmay_lair_end_frog_pond, layout_layer_cave, slime_entry_1
Swamp:1:  nicolae_swamp_wrong_neighborhood, layout_falls_marsh,
          nicolae_swamp_godswood, infiniplex_staircase_pool
Swamp:2:  layout_basic_swamp, gammafunk_ghost_split,
          evilmike_swamp_ruin_rubble_1, nicolae_swamp_little_swirl
Swamp:3:  layout_basic_swamp, nicolae_swamp_decorative_isthmus
Swamp:4:  byrel_swamp_growth_death_and_undeath, layout_basic_swamp, uniq_kirke
Snake:1:  layout_gridlike, nicolae_snake_snakes_in_the_grass,
          nicolae_triple_integral
Snake:2:  gammafunk_sealed_library, layout_onion, ebering_ghost_gozag,
          uniq_aizul
Snake:3:  layout_cave_town, serial_shops, nicolae_shop_pleasant_corner_grove
Snake:4:  grunt_snake_rune_pools, layout_misc_corridors, grunt_ministairs_14,
          grunt_megastairs_5, uniq_mlioglotl
Slime:1:  layout_caves
Slime:2:  layout_caves, dissolution_awaits
Slime:3:  layout_caves
Slime:4:  cheibrodos_slime_lost_civilization_3, layout_caves
Slime:5:  slime_pit_nicolae_jellycorners
Orc:1:    layout_caves, bloody_makhleb
Orc:2:    hellmonk_orc_salted, layout_diamond_mine
Elf:1:    layout_geoelf_grid, gammafunk_ghost_fury_of_okawaru,
          minmay_elf_sorcery
Elf:2:    nicolae_elf_blades_crystal_corner, layout_gridlike,
          portal_ice_cave_entry_pillars_four, lemuel_flame_loot_1, uniq_louise
Elf:3:    elf_hall_gauntlet_narrow, layout_gridlike
Vaults:1: nicolae_vaults_tangram_1, st_eye, nicolae_vaults_rhombus_5,
          nicolae_vaults_turnstiles, nicolae_vaults_ninety_degrees,
          dpeg_vaults_monster_box, nicolae_vaults_little_squares_3,
          nicolae_vaults_closet_pinwheel_4,
          nicolae_vaults_windows_and_doors_thing, ontoclasm_vaults_misaligned,
          hangedman_vaults_river_flow, vaults_dpeg_encased_lava,
          layout_vaults_maze_bifur, uniq_asterion
Vaults:2: infiniplex_enter_wizlab_spiral, vaults_mumra_hexcomb,
          ontoclasm_vaults_shuriken, hangedman_vaults_variations,
          nicolae_vaults_you_can_take_it_with_you,
          minmay_crypt_entry_skeletal_spiral, nicolae_vaults_layer_cake_slice,
          nicolae_vaults_house_1, nicolae_vaults_mini_display_case,
          nicolae_vaults_house_2, layout_vaults_chaotic_city
Vaults:3: v_misc_10, nicolae_vaults_tetromino_T_1, vaults_mumra_minichess,
          nicolae_vaults_weapon_check, nicolae_vaults_double_plus_3,
          nicolae_vaults_ring_of_whatevers, grunt_vaults_hallway_short,
          nicolae_vaults_tangram_1, nicolae_vaults_little_squares_5,
          nicolae_vaults_crenellated_ambush, v_misc_23,
          vaults_dpeg_emergency_exit, layout_vaults_quadrants, serial_shops,
          nicolae_diamond_shop, nicolae_shop_behind_doors, uniq_jory
Vaults:4: ontoclasm_vaults_pinch, v_misc_28, nicolae_vaults_shelves_hall,
          hangedman_vaults_stitches, nicolae_vaults_mitosis,
          hangedman_vaults_hat, nicolae_vaults_surprise_closet, v_misc_1,
          v_misc_15, vaults_room_semicircle, layout_vaults_omnicross,
          serial_shops, nicolae_shop_trees, uniq_bai_suzhen, uniq_donald
Vaults:5: serial_shops, uniq_mennas
Crypt:1:  layout_misc_corridors, roderic_lattice_octagonal_star, uniq_frederick
Crypt:2:  layout_chaotic_city, grunt_megastairs_2
Crypt:3:  quadcrypt_mu, uniq_margery
Depths:1: layout_forbidden_donut, serial_shops, shop, kennysheep_mini,
          old_standard_altar, hell_entry, kennysheep_nondescript,
          hangedman_glass_teeth, zin_purify, minmay_shop_star,
          serial_bayou_shore_a
Depths:2: cell_vault, layout_cave_pools, ebering_dispersal_statue_hall,
          abyss_entry_flame_altar, pan_entry, hell_entry, minmay_shop_grove
Depths:3: hangedman_stitches_corridor, layout_gridlike, enter_ziggurat_a,
          hell_entry, abyss_entry_crystal, nicolae_xom_altar_mimics,
          moated_statue, infiniplex_staircase_zigzag_4
Depths:4: grunt_crosshair, layout_gridlike, serial_shops,
          nicolae_shop_advertising_works [nicolae_subvault_shop_adworks],
          nicolae_shop_statue_plus, nicolae_diamond_shop, shop, shop,
          abandoned_shop, hell_entry, minmay_misc_feat_doors, minmay_shoptagon,
          uniq_grunn
Hell
Dis:1:    layout_jigsaw
Dis:2:    layout_regular_city
Dis:3:    layout_overlapping_boxes, door_vault
Dis:4:    layout_gridville, nicolae_dis_emergency_hatch
Dis:5:    layout_jigsaw, nicolae_hells_fiendish_ambush
Dis:6:    layout_subdivisions
Dis:7:    dis_hangedman
Zot:1:    layout_misc_corridors
Zot:2:    layout_gridlike, hangedman_zot_wheel_spokes
Zot:3:    layout_misc_corridors, grunt_megastairs_4
Zot:4:    layout_onion_interference
Zot:5:    layout_cathedral_of_symmetry

Skill      XL: |  1  2  3  4  5  6  7  8  9 10 11 12 13 14 15 16 17 18 19 20 21 22 23 24 25 26 27 |
---------------+----------------------------------------------------------------------------------+-----
Earth Magic    | 4 5 6 8 10 11 12 13 14 15 16 17 18 19 20 21 22 27 | 27.0
Conjurations   | 1 2 3 5 6 8 9 10 12 13 16 | 16.8
Transmutations | 2 3 |  3.0
Fighting       | 1 2 3 4 6 7 8 9 10 11 12 13 14 15 16 17 18 19 20 23 | 23.1
Spellcasting   | 3 4 5 6 7 8 9 10 11 12 13 14 18 | 18.8
Armour         | 1 3 5 7 9 11 12 13 14 15 16 17 18 19 20 | 20.0
Invocations    | 5 8 10 12 13 14 | 14.0
Shields        | 3 6 8 9 10 12 14 15 16 17 18 19 20 21 22 | 22.0
Necromancy     | 1 3 5 6 7 8 9 10 11 15 | 15.7
Dodging        | 2 4 5 6 7 8 9 10 11 12 | 12.1
Summonings     | 1 3 4 5 7 8 9 10 | 10.0
Evocations     | 2 3 |  3.0
Stealth        | |  2.4

Action                     |  1- 3 |  4- 6 |  7- 9 | 10-12 | 13-15 | 16-18 | 19-21 | 22-24 | 25-27 || total
---------------------------+-------+-------+-------+-------+-------+-------+-------+-------+-------++-------
  Melee: Unarmed           |     3 |       |       |       |       |       |       |       |       ||     3
         Dagger            |     7 |       |    73 |    36 |   143 |   305 |       |       |       ||   564
         Punch             |       |       |     2 |       |       |       |       |       |       ||     2
         Demon trident     |       |       |       |    31 |   359 |   132 |       |       |       ||   522
         Scimitar          |       |       |       |       |       |   322 |       |       |       ||   322
         Executioner's axe |       |       |       |       |       |   100 |   716 |   443 |       ||  1259
         War axe           |       |       |       |       |       |    64 |   217 |       |       ||   281
         Double sword      |       |       |       |       |       |    53 |       |       |       ||    53
         Staff             |       |       |       |       |       |       |       |   338 |  1645 ||  1983
  Throw: Dart              |       |       |     9 |    15 |    19 |     5 |       |       |       ||    48
         Throwing net      |       |       |       |     3 |     6 |       |       |       |       ||     9
   Cast: Sandblast         |    34 |    43 |   208 |   366 |   785 |   553 |    39 |     1 |       ||  2029
         Petrify           |       |       |       |     3 |     2 |     7 |     4 |     1 |     1 ||    18
         Stone Arrow       |       |       |       |       |    35 |    37 |    21 |    49 |    20 ||   162
         Animate Armour    |       |       |       |       |       |       |    82 |    65 |    99 ||   246
         Lee's Rapid Decon |       |       |       |       |       |       |    16 |    60 |   155 ||   231
         Borgnjor's Vile C |       |       |       |       |       |       |       |   128 |   187 ||   315
         Sublimation of Bl |       |       |       |       |       |       |       |    47 |   249 ||   296
         Leda's Unmaking   |       |       |       |       |       |       |       |       |   257 ||   257
         Spellforged Servi |       |       |       |       |       |       |       |       |    49 ||    49
         Lehudib's Crystal |       |       |       |       |       |       |       |       |    17 ||    17
         Shatter           |       |       |       |       |       |       |       |       |    87 ||    87
         Passwall          |       |       |       |       |       |       |       |       |    13 ||    13
         Haunt             |       |       |       |       |       |       |       |       |     6 ||     6
         Apportation       |       |       |       |       |       |       |       |       |     1 ||     1
 Invoke: Bend Time         |       |       |       |     2 |     3 |     3 |       |       |       ||     8
         Temporal Distorti |       |       |       |     1 |       |       |       |       |       ||     1
         Slouch            |       |       |       |       |    11 |    13 |     1 |       |       ||    25
         Step From Time    |       |       |       |       |     2 |     1 |     2 |       |     2 ||     7
Ability: Dig               |       |       |     1 |     4 |     8 |     9 |     3 |     1 |       ||    26
         Shaft Self        |       |       |       |       |       |       |     1 |       |       ||     1
  Evoke: Box of beasts     |       |       |       |     1 |     1 |       |       |       |       ||     2
         Wand              |       |       |       |       |     5 |       |       |       |       ||     5
         Lightning rod     |       |       |       |       |       |     3 |     1 |       |       ||     4
    Use: Potion            |       |       |     2 |     4 |    12 |     5 |     6 |     5 |     9 ||    43
         Scroll            |       |       |     7 |     9 |    12 |     9 |     4 |    16 |     6 ||    63
   Stab: Sleeping          |       |       |     1 |       |       |       |       |     4 |     2 ||     7
         Distracted        |       |       |       |     1 |       |       |     8 |     8 |     7 ||    24
         Invisible         |       |       |       |       |     6 |       |       |       |       ||     6
         Petrified         |       |       |       |       |     1 |    24 |       |       |       ||    25
         Petrifying        |       |       |       |       |       |     4 |       |       |       ||     4
 Armour: Robe              |     7 |     2 |    64 |       |       |       |       |       |       ||    73
         Chain mail        |       |       |       |    87 |       |       |       |       |       ||    87
         Plate armour      |       |       |       |   256 |   715 |   665 |   660 |       |       ||  2296
         Pearl dragon scal |       |       |       |       |       |       |    50 |   263 |   260 ||   573
  Dodge: Dodged            |    20 |     9 |   140 |   181 |   460 |   673 |  1157 |   656 |   887 ||  4183
  Block: Buckler           |       |       |       |   104 |   826 |       |       |       |       ||   930
         Tower shield      |       |       |       |       |   400 |  1979 |  2197 |  1390 |  2119 ||  8085
         Reflection        |       |       |       |       |    10 |   119 |   155 |   108 |    52 ||   444

Table legend: (Time is in decaauts)
 A = Elapsed time spent in this place.
 B = Non-inter-level travel time spent in this place.
 C = Inter-level travel time spent in this place.
 D = Time resting spent in this place.
 E = Time spent auto-exploring this place.
 F = Levels seen in this place.
 G = Mean time per level.
                   A        B        C        D        E       F      G
               +--------+--------+--------+--------+--------+-----+--------+
         Total | 109386 |  99061 |  10325 |  12694 |  57111 |  72 | 1519.2 |
       Dungeon |  21657 |  18361 |   3296 |   2005 |  12340 |  15 | 1443.8 |
        Temple |     23 |     12 |     11 |      0 |      0 |   1 |   23.0 |
          Lair |  13738 |  12387 |   1351 |   1883 |   7769 |   5 | 2747.6 |
         Swamp |   5487 |   5072 |    415 |    429 |   3218 |   4 | 1371.8 |
     Snake Pit |   8987 |   8118 |    869 |    640 |   4066 |   4 | 2246.8 |
    Slime Pits |   1790 |   1685 |    105 |    561 |     66 |   5 |  358.0 |
  Orcish Mines |   2961 |   2659 |    302 |    436 |   1334 |   2 | 1480.5 |
   Elven Halls |   7244 |   6975 |    269 |   2530 |   1703 |   3 | 2414.7 |
        Vaults |  13738 |  12317 |   1421 |    497 |   9234 |   5 | 2747.6 |
         Crypt |   6602 |   6394 |    208 |    152 |   4454 |   3 | 2200.7 |
        Depths |  11270 |   9884 |   1386 |    917 |   6642 |   4 | 2817.5 |
          Hell |   1040 |    981 |     59 |     37 |    721 |   1 | 1040.0 |
           Dis |   2521 |   2327 |    194 |    510 |    806 |   7 |  360.1 |
           Zot |   6609 |   6175 |    434 |    760 |   3965 |   5 | 1321.8 |
         Abyss |   1036 |   1036 |      0 |     16 |      0 |   3 |  345.3 |
         Trove |     80 |     80 |      0 |      0 |      0 |   1 |   80.0 |
        Bailey |    863 |    863 |      0 |    364 |      0 |   1 |  863.0 |
      Ice Cave |   1389 |   1389 |      0 |    318 |     41 |   1 | 1389.0 |
       Volcano |   1108 |   1108 |      0 |    638 |      0 |   1 | 1108.0 |
        Wizlab |   1236 |   1236 |      0 |      0 |    749 |   1 | 1236.0 |
               +--------+--------+--------+--------+--------+-----+--------+

Top non-repeatable levels by time:
   Elf:3: 4660 daAuts
  Lair:5: 4600 daAuts
Depths:2: 3283 daAuts
  Lair:4: 3206 daAuts
 Crypt:3: 3165 daAuts
Vaults:4: 3061 daAuts
Vaults:3: 2997 daAuts
Vaults:2: 2929 daAuts
Depths:3: 2854 daAuts
 Snake:2: 2717 daAuts
Depths:1: 2629 daAuts
Vaults:5: 2540 daAuts
Depths:4: 2503 daAuts
    D:15: 2425 daAuts
  Lair:2: 2323 daAuts
